AoeStats
← Beefcake

Arabia

510282931Analyzed
1v1 RM · 3d ago on Sep 30, 2026· 23m 45s· 2 players
Game mode
Random Map
Map size
Tiny (2 player)
Population
200
Speed
Normal
Resources
Standard
Victory
Conquest
Starting age
Dark Age
Ending age
Imperial Age
RankedLock teamsTeams togetherTeam positionsShared explorationLock speedFull tech treeHidden civsTurbo modeCheats
Victory
Defeat
🇹🇼 Bohemians · Taiwan
1244
+14
🇦🇺 Tatars · Australia
1207
-14
Boyoyo
6:11 Loom
8:47 Feudal Age
9:20 Double-Bit Axe
11:27 Horse Collar
19:00 Castle Age
18:54 Wheelbarrow
19:29 Crossbowman
20:01 Fletching
20:12 Padded Archer Armor
21:02 Wheelbarrow
21:30 Bow Saw
22:39 Wheelbarrow
24:03 Chemistry
24:10 Fervor
24:43 Ballistics
Beefcake
3:20 Loom
9:05 Feudal Age
10:08 Double-Bit Axe
11:24 Horse Collar
20:35 Castle Age
19:06 Gold Mining
19:41 Bloodlines
19:50 Scale Barding Armor
20:12 Forging
22:07 Chain Barding Armor
22:34 Husbandry
Connection lost

Rejoining the realm…

Still unreachable

The connection could not be restored.

Session expired

The server has moved on; the page needs a fresh start.